 Dungeon Crawl Stone Soup version 0.31-a0-217-g58bb5d79cf (webtiles) character file.

Game seed: 17858111501101427981

4 reriks the Sneak (level 1, -2/9 HPs)
             Began as a Spriggan Earth Elementalist on July 2, 2023.
             Slain by a hobgoblin (4 damage)
             ... on level 1 of the Dungeon.
             The game lasted 00:00:31 (100 turns).

reriks the Sneak (Spriggan Earth Elementalist)       Turns: 100, Time: 00:00:32

Health: -2/9       AC:  2    Str:  4    XL:     1   Next: 50%
Magic:  4/5        EV: 17    Int: 16    God:
Gold:   23         SH:  0    Dex: 15    Spells: 4/5 levels left

rFire   . . .        (weapon restricted)
rCold   . . .        (no shield)
rNeg    . . .        a - +0 robe
rPois   .            (helmet restricted)
rElec   .            (no cloak)
rCorr   .            (gloves unavailable)
SInv    +            (boots unavailable)
Will    .....        (no amulet)
Stlth   ++           (no ring)
HPRegen 0.21/turn    (no ring)
MPRegen 0.09/turn

%: no passive effects
@: very quick
A: very small, no large weapons, unfitting armour, see invisible, speed 3
a: no special abilities


You were on level 1 of the Dungeon.
You visited 1 branch of the dungeon, and saw 1 of its levels.

You collected 23 gold pieces.

Inventory:

Armour
 a - a +0 robe (worn)
Potions
 b - a potion of magic


   Skills:
 + Level 2.8 Dodging
 + Level 3.1 Stealth
 + Level 2.8 Spellcasting
 + Level 1.5 Transmutations
 + Level 2.7 Earth Magic


You had 4 spell levels left.
You knew the following spells:

 Your Spells              Type           Power      Damage    Failure   Level
a - Sandblast             Erth           22%        2d7       6%          1

Your spell library contained the following spells:

 Spells                   Type           Power      Damage    Failure   Level
 Passwall                 Tmut/Erth      7%         N/A       12%         2
 Stone Arrow              Conj/Erth      12%        3d7       32%         3
 Petrify                  Tmut/Erth      9%         N/A       61%         4


Dungeon Overview and Level Annotations

Branches:
Dungeon (1/15)

Altars:


Innate Abilities, Weirdness & Mutations

You are very small and have problems with some larger weapons.
You are too small for most types of armour.
You have supernaturally acute eyesight. (SInv)
You cover ground extremely quickly. (Speed+++)


Message History

Things that are here:
a +0 whip; a kobold corpse You barely miss the hobgoblin.
The hobgoblin misses you.
You barely miss the hobgoblin. The hobgoblin completely misses you.
The hobgoblin barely misses you. The hobgoblin misses you.
The hobgoblin hits you but does no damage.
The hobgoblin misses you.
The hobgoblin hits you but does no damage.
The hobgoblin barely misses you. The hobgoblin barely misses you.
The hobgoblin closely misses you. The hobgoblin completely misses you.
The hobgoblin hits you. The hobgoblin barely misses you.
The hobgoblin completely misses you. The hobgoblin barely misses you.
The hobgoblin misses you. The hobgoblin barely misses you.
The hobgoblin barely misses you. The hobgoblin misses you.
The hobgoblin barely misses you. The hobgoblin misses you.
The hobgoblin misses you. The hobgoblin hits you.
The hobgoblin closely misses you. The hobgoblin completely misses you.
The hobgoblin hits you. The hobgoblin barely misses you.
The hobgoblin misses you. The hobgoblin closely misses you.
The hobgoblin misses you.
The hobgoblin hits you but does no damage.
The hobgoblin hits you but does no damage.
The hobgoblin misses you. The hobgoblin closely misses you.
The hobgoblin hits you.
* * * LOW HITPOINT WARNING * * *
The hobgoblin hits you.
You die...

###### #....# +....#
#.##....## #.b......##
...>......# #.#...†#).##
.......#@..##
.......#g#..####
......##.##....##########
...... #.#####...........
...... ..# #######.#####
...... ...###...###..#...
##.##.......##...(#
..#.........###.##
#....⌠....##...#


You could see a hobgoblin.

Vanquished Creatures
  A kobold (D:1)
  2 bats (D:1)
  A rat (D:1)
4 creatures vanquished.

Notes
Turn   | Place    | Note
-------+----------+-------------------------------------------
     0 | D:1      | reriks the Spriggan Earth Elementalist began the quest for
                  | the Orb.
     0 | D:1      | Reached XP level 1. HP: 9/9 MP: 5/5
   100 | D:1      | Slain by a hobgoblin

Illustrated notes

Levels and vault maps discovered:
D:1:      dpeg_arrival_three_same_balls, layout_basic,
          shapermc_ecumenical_altar_notcrosses, serial_shops,
          nicolae_shop_tiny_waterfront, nicolae_shop_bloodbath_and_beyond, shop

Action                     || total
---------------------------++-------
  Melee: Unarmed           ||     2
   Cast: Sandblast         ||     5
 Armour: Robe              ||     4
  Dodge: Dodged            ||    29

Table legend: (Time is in decaauts)
 A = Elapsed time spent in this place.
 B = Non-inter-level travel time spent in this place.
 C = Inter-level travel time spent in this place.
 D = Time resting spent in this place.
 E = Time spent auto-exploring this place.
 F = Levels seen in this place.
 G = Mean time per level.
                   A        B        C        D        E       F      G
               +--------+--------+--------+--------+--------+-----+--------+
         Total |     79 |     79 |      0 |      0 |     31 |   1 |   79.0 |
       Dungeon |     79 |     79 |      0 |      0 |     31 |   1 |   79.0 |
               +--------+--------+--------+--------+--------+-----+--------+

Top non-repeatable levels by time:
     D:1: 79 daAuts
